 Dungeon Crawl Stone Soup version 0.23-a0-391-g8c51ad5 (webtiles) character file.

116 Gildeon the Ducker (level 4, -18/45 HPs)
             Began as a Troll Fighter on Oct 30, 2018.
             Demolished by an ogre
             ... wielding a +0 giant spiked club
              (20 damage)
             ... on level 3 of the Dungeon.
             The game lasted 00:06:13 (1536 turns).

Gildeon the Ducker (Troll Fighter)                  Turns: 1536, Time: 00:06:13

Health: -18/45     AC:  5    Str: 24    XL:     4   Next: 70%
Magic:  3/3        EV: 10    Int:  4    God:
Gold:   141        SH:  0    Dex: 10    Spells: 2/3 levels left

rFire    . . .     SeeInvis .     - Unarmed
rCold    . . .     Gourm    +   (no shield)
rNeg     . . .     Faith    .   a - +0 robe
rPois    .         Spirit   .   (helmet restricted)
rElec    .         Reflect  .   (no cloak)
rCorr    .         Harm     .   (gloves unavailable)
MR       .....                  (boots unavailable)
Stlth    +.........             (no amulet)
HPRegen  0.55/turn              (no ring)
MPRegen  0.08/turn              (no ring)

@: no status effects
A: large, unfitting armour, claws 3, fast metabolism 3, gourmand, regeneration
1, shaggy fur 1, tough skin 2
a: no special abilities


You were on level 3 of the Dungeon.
You were very full.

You visited 1 branch of the dungeon, and saw 3 of its levels.

You collected 141 gold pieces.

Inventory:

Hand Weapons
 j - a +0 mace
Armour
 a - a +0 robe (worn)
Wands
 n - a wand of disintegration (10)
Scrolls
 f - 3 scrolls of remove curse
 h - a scroll of amnesia {unknown}
Potions
 c - 2 potions of might
 e - a potion of ambrosia {unknown}
 g - a potion of resistance {unknown}
 i - 2 potions of curing
 k - 2 potions of magic
 l - a potion of brilliance {unknown}
 m - a potion of mutation {unknown}
Comestibles
 b - 7 chunks of flesh
 d - 6 rations


   Skills:
 + Level 3.0 Fighting
 + Level 1.6 Armour
 + Level 3.1 Dodging
   Level 2.4 Shields
 + Level 2.9 Unarmed Combat


You had 2 spell levels left.
You knew the following spells:

 Your Spells              Type           Power        Failure   Level  Hunger
a - Magic Dart            Conj           #...         50%         1    ##.....

Your spell library contained the following spells:

 Spells                   Type           Power        Failure   Level  Hunger
 Blink                    Tloc           N/A          65%         2    ###....
 Call Imp                 Summ           #.......     65%         2    ###....
 Slow                     Hex            #.......     65%         2    ###....
 Conjure Flame            Conj/Fire      #.......     86%         3    ####...
 Mephitic Cloud           Conj/Pois/Air  #.......     86%         3    ####...


Dungeon Overview and Level Annotations

Branches:
Dungeon (3/15)

Altars:


Innate Abilities, Weirdness & Mutations

You are too large for most types of armour.
You have claws for hands.
Your metabolism is lightning-fast.
You like to eat raw meat.
Your natural rate of healing is unusually fast.
You are covered in fur. (AC +1)
You have very tough skin. (AC +2)


Message History

An ogre comes into view. It is wielding a +0 giant spiked club.
The ogre shouts!
Okay, then.
Some of the chunks of flesh in your inventory have rotted away.
You barely miss the ogre.
The ogre hits you with a +0 giant spiked club!!
Ouch! That really hurt!
You claw the ogre!
The ogre is moderately wounded.
The ogre barely misses you.
You scratch the ogre.
The ogre is moderately wounded.
You barely miss the ogre.
The ogre is moderately wounded.
The ogre hits you with a +0 giant spiked club!!
* * * LOW HITPOINT WARNING * * *
You barely miss the ogre.
The ogre is moderately wounded.
The ogre hits you with a +0 giant spiked club!!
You die...

...#.##.....##..#
...#.##.#.#.##..#
...............>####
...................#
...........#.#####.
....#####..#.....#
....#(!)#..#..##.#
##..#([?#..#..##O#
#..#?$?#.....##@#
#..#####..#O###.#
#...........###.#
#....)....#.....#
.....##)####.#####
..... #.(#...# .....
#.(#.#.#
.....##..#O#.#
.....#..รท#.#..


You could see an ogre.

Vanquished Creatures
  3 adders
  2 oozes (D:1)
  2 dart slugs (D:1)
  2 leopard geckos (D:3)
  2 orcs (D:3)
  A ball python (D:1)
  15 bats
  5 giant cockroaches (D:1)
  6 goblins
  6 hobgoblins
  8 jackals
  6 kobolds
  A quokka (D:3)
  4 frilled lizards
  4 rats
67 creatures vanquished.

Vanquished Creatures (others)
  4 toadstools (D:1)
4 creatures vanquished.

Grand Total: 71 creatures vanquished

Notes
Turn   | Place    | Note
-------+----------+-------------------------------------------
     0 | D:1      | Gildeon the Troll Fighter began the quest for the Orb.
     0 | D:1      | Reached XP level 1. HP: 22/22 MP: 0/0
   134 | D:1      | Reached XP level 2. HP: 29/29 MP: 1/1
   289 | D:1      | Reached XP level 3. HP: 32/36 MP: 2/2
   359 | D:1      | Reached skill level 1 in Armour
   927 | D:2      | Learned a level 1 spell: Magic Dart
   961 | D:2      | Reached XP level 4. HP: 39/44 MP: 3/3
  1508 | D:3      | Noticed an ogre
  1535 | D:3      | HP: 2/45 [ogre/+0 giant spiked club (19)]
  1536 | D:3      | Demolished by an ogre

Vault maps used:
D:1:      ldierk_walled_garden_2
D:3:      wad_crossroads, minmay_misc_feat_doors, due_unseen_surprise

Skill      XL: |  1  2  3  4 |
---------------+-------------+-----
Armour         | 1 |  1.6
Dodging        | 3 |  3.1
Fighting       | 3 |  3.0
Shields        | |  2.4
Unarmed Combat | |  2.9

Action                   |  1- 3 |  4- 6 || total
-------------------------+-------+-------++-------
Melee: Unarmed           |   123 |   105 ||   228
       Punch             |       |     1 ||     1
  Use: Scroll            |     2 |     2 ||     4
 Stab: Sleeping          |     2 |     1 ||     3
  Eat: Chunk             |    14 |     5 ||    19
Armor: Robe              |    69 |    51 ||   120
Dodge: Dodged            |    69 |    64 ||   133

Table legend:
 A = Non-vault XP
 B = Vault XP
 C = Vault XP percentage of total XP
 D = Non-vault monster count
 E = Vault monster count
 F = Vault count percentage of total count
                 A         B        C        D         E       F
            +---------+---------+-------+---------+---------+-------
      Total |     167 |       0 |   0.0 |      67 |       0 |   0.0
            +---------+---------+-------+---------+---------+-------
        D:1 |      79 |       0 |   0.0 |      36 |       0 |   0.0
        D:2 |      37 |       0 |   0.0 |       8 |       0 |   0.0
        D:3 |      51 |       0 |   0.0 |      23 |       0 |   0.0
            +---------+---------+-------+---------+---------+-------
